 Dungeon Crawl Stone Soup version 0.31.0-11-ge490571c62 (webtiles) character file.

Game seed: 2736450035386510801

137 qw the Skirmisher (level 5, -3/29 HPs)
             Began as a Deep Elf Hunter on Feb 4, 2024.
             Was an Initiate of Okawaru.
             Blown up by Ijyb (17 damage)
             ... with a mindburst bolt
             ... on level 4 of the Dungeon.
             The game lasted 00:00:09 (2623 turns).

qw the Skirmisher (Deep Elf Hunter)                 Turns: 2623, Time: 00:00:10

Health: -3/29      AC:  7    Str: 10    XL:     5   Next: 0%
Magic:  7/7        EV: 13    Int: 14    God:    Okawaru [......]
Gold:   187        SH:  0    Dex: 18    Spells: 4/4 levels left

rFire   + . .        a - +2 shortbow
rCold   . . .        (shield currently unavailable)
rNeg    . . .        h - +2 robe {rF+}
rPois   .            (no helmet)
rElec   +            (no cloak)
rCorr   .            d - +0 pair of gloves
SInv    .            (no boots)
Will    .....        (no amulet)
Stlth   ++           (no ring)
HPRegen 0.24/turn    (no ring)
MPRegen 0.10/turn

%: no passive effects
@: no status effects
A: iridescent scales 1, high MP 1, electricity resistance
a: Renounce Religion


You were on level 4 of the Dungeon.
You worshipped Okawaru.
Okawaru was noncommittal.
You visited 2 branches of the dungeon, and saw 5 of its levels.

You collected 187 gold pieces.


Innate Abilities, Weirdness & Mutations

You are partially covered in iridescent scales. (AC +2)
You have an increased reservoir of magic. (+10% MP)
You are resistant to electric shocks. (rElec)


   Skills:
 - Level 1.5 Fighting
 + Level 8.1 Ranged Weapons
 - Level 3.0 Dodging
 - Level 1.2 Stealth


You had 4 spell levels left.
You didn't know any spells.
Your spell library was empty.

Inventory:

Hand Weapons
 a - a +2 shortbow (weapon)
Armour
 d - a +0 pair of gloves (worn)
 h - a +2 robe of fire resistance (worn)
 m - a +0 ring mail
Jewellery
 b - the ring "Gisemesm" {rC- Str+3 Int+6 Stlth+}
   (You found it on level 4 of the Dungeon)

   [ring of intelligence]

   Str+3:     It affects your strength (+3).
   Int+6:     It affects your intelligence (+6).
   rC-:       It makes you vulnerable to cold.
   Stlth+:    It makes you more stealthy.
Scrolls
 c - a scroll of identify
 g - a scroll of teleportation
Potions
 f - a potion of curing
 j - 4 potions of mutation
 k - a potion of haste
 l - a potion of might

Dungeon Overview and Level Annotations

Branches:
Dungeon (4/15)             Temple (1/1) D:4

Altars:
Ashenzari
Cheibriados
Dithmenos
Elyvilon
Fedhas
Gozag
Kikubaaqudgha
Okawaru
Qazlal
Ru
Sif Muna
Trog
Uskayaw
Xom

Annotations:
D:4 Ijyb


Message History

Enter note:
Enter note:
Enter note:
Enter note:
Enter note:
Enter note: You climb downwards.
There is a stone staircase leading up here.
Enter note:
Enter note:
b - the ring "Gisemesm" {rC- Str+3 Int+6 Stlth+}
c - a scroll of identify Ijyb the Twisted Goblin comes into view.
She is wielding a +0 club and carrying a wand of mindburst.
Ijyb shouts!
Ijyb zaps a wand.
Your mind is blasted!
Ouch! That really hurt!
2611 ||| FLEEEEING.
You start resting.
Ijyb is nearby!
You shoot an arrow. The arrow hits Ijyb but does no damage.
Ijyb zaps a wand.
You struggle to resist.
You shoot an arrow. The arrow closely misses Ijyb.
You shoot an arrow. The arrow closely misses Ijyb.
Ijyb zaps a wand.
You struggle to resist.
You shoot an arrow. The arrow closely misses Ijyb.
Ijyb hits you but does no damage.
You shoot an arrow. The arrow hits Ijyb!
Ijyb is moderately wounded.
Ijyb grins evilly.
Ijyb closely misses you.
You shoot an arrow. The arrow hits Ijyb.
Ijyb is heavily wounded.
Ijyb hits you but does no damage.
You shoot an arrow. The arrow completely misses Ijyb.
Ijyb closely misses you.
You shoot an arrow. The arrow hits Ijyb but does no damage.
Ijyb is heavily wounded.
Ijyb zaps a wand.
Your mind is blasted!
Ouch! That really hurt!
You die...

#.# #...#
#.#############...#
#.#...............##
#.#.###############.
#.#.# ... #. #.#.#
#)###. #.#.# #.....
#.#.# #..}.. #.#@#
#..... #.#g# #.###.
#.#......g. #.
#.#################.
#........?.........%
####################


You could see Ijyb.

Vanquished Creatures
  A jelly (D:3)
  4 adders
  A dart slug (D:2)
  A ribbon worm (D:2)
  3 orcs (D:4)
  3 endoplasms
  5 giant cockroaches
  4 goblins (D:2)
  4 hobgoblins
  3 jackals (D:2)
  7 kobolds
  2 quokkas
  3 ball pythons
  9 bats
  3 frilled lizards
  8 rats
61 creatures vanquished.

Notes
Turn   | Place    | Note
-------+----------+-------------------------------------------
     0 | D:1      | qw the Deep Elf Hunter began the quest for the Orb.
     0 | D:1      | Reached XP level 1. HP: 12/12 MP: 3/3
     0 | D:1      | 0 ||| qw: Version: 0.3-a-160-g6735b56
     0 | D:1      | 0 ||| qw: Game counter: 4489
     0 | D:1      | 0 ||| qw: Melee chars always use a shield: true
     0 | D:1      | 0 ||| qw: God list: Okawaru
     0 | D:1      | 0 ||| qw: Allow faded altars: false
     0 | D:1      | 0 ||| qw: Do Orc after clearing Dungeon:15 true
     0 | D:1      | 0 ||| qw: Do second Lair branch before Depths: true
     0 | D:1      | 0 ||| qw: Lair rune preference: random
     0 | D:1      | 0 ||| qw: Goals: Normal
     0 | D:1      | 0 ||| PLANNING D:1-11
   218 | D:1      | Reached XP level 2. HP: 16/16 MP: 4/4
   220 | D:1      | Reached skill level 6 in Ranged Weapons
   745 | D:1      | 745 ||| UPGRADING to +0 pair of gloves.
   750 | D:1      | 750 ||| UPGRADING to +2 robe of fire resistance.
   760 | D:1      | 760 ||| DROPPING +0 leather armour.
   761 | D:1      | 761 ||| READING scroll labelled NOONOM IPAOC.
   862 | D:1      | 862 ||| READING scroll labelled WIDYUSENOG.
   863 | D:1      | 863 ||| DRINKING 2 fuming red potions.
   864 | D:1      | 864 ||| DROPPING scroll of butterflies.
   920 | D:2      | Reached XP level 3. HP: 20/20 MP: 5/5
  1002 | D:2      | Reached skill level 7 in Ranged Weapons
  1347 | D:2      | Found a faded altar of an unknown god.
  1694 | D:2      | 1694 ||| READING scroll labelled UGEGUJ RETUL.
  1695 | D:2      | 1695 ||| READING 3 scrolls labelled JEIMIA FUMYORGH.
  1696 | D:2      | 1696 ||| READING scroll labelled DETZUI ROYMIH.
  1696 | D:2      | 1696 ||| IDENTIFYING sedimented inky potion
  1697 | D:2      | 1697 ||| READING scroll labelled WAMUFU XEMOH.
  1697 | D:2      | 1697 ||| ENCHANTING +0 shortbow.
  1698 | D:2      | 1698 ||| READING scroll labelled WOQITRIKUED.
  1699 | D:2      | 1699 ||| READING scroll labelled UTEFRY WIGOO.
  1702 | D:2      | 1702 ||| DRINKING 3 fizzy ruby potions.
  1702 | D:2      | Gained mutation: You are resistant to electric shocks.
                  | (rElec) [potion of mutation]
  1702 | D:2      | Gained mutation: You are partially covered in iridescent
                  | scales. (AC +2) [potion of mutation]
  1702 | D:2      | Gained mutation: You have an increased reservoir of magic.
                  | (+10% MP) [potion of mutation]
  1703 | D:2      | 1703 ||| DROPPING 2 scrolls of poison.
  1704 | D:2      | 1704 ||| DROPPING potion of attraction.
  1719 | D:3      | Reached XP level 4. HP: 16/25 MP: 6/6
  1856 | D:3      | 1856 ||| READING scroll of enchant weapon.
  1856 | D:3      | 1856 ||| ENCHANTING +1 shortbow.
  1870 | D:3      | Reached skill level 8 in Ranged Weapons
  2355 | D:3      | 2355 ||| READING 2 scrolls of identify.
  2355 | D:3      | 2355 ||| IDENTIFYING yellow potion
  2356 | D:3      | 2356 ||| READING scroll of identify.
  2356 | D:3      | 2356 ||| IDENTIFYING amethyst potion
  2357 | D:3      | 2357 ||| READING scroll labelled MEGA NALOH.
  2358 | D:3      | 2358 ||| READING scroll labelled PUTRUO OLUSH.
  2359 | D:3      | 2359 ||| DRINKING 2 puce potions.
  2360 | D:3      | 2360 ||| DROPPING potion of degeneration.
  2387 | D:4      | Reached skill level 3 in Dodging
  2459 | D:4      | Found a staircase to the Ecumenical Temple.
  2460 | D:4      | 2460 ||| PLANNING TEMPLE
  2463 | D:4      | Reached XP level 5. HP: 29/29 MP: 7/7
  2468 | Temple   | Entered the Ecumenical Temple
  2469 | Temple   | 2469 ||| PLANNING OKAWARU WORSHIP
  2496 | Temple   | Became a worshipper of Warmaster Okawaru
  2497 | Temple   | 2497 ||| PLANNING D:1-11
  2587 | D:4      | Identified the ring "Gisemesm" {rC- Str+3 Int+6 Stlth+}
  2610 | D:4      | Noticed Ijyb
  2611 | D:4      | 2611 ||| FLEEEEING.
  2623 | D:4      | Blown up by Ijyb

Levels and vault maps discovered:
D:1:      minmay_arrival_radiant_lines, layout_basic
D:2:      layout_loops_ring, hellmonk_ecumenical_altar_pennies_from_heaven,
          grunt_ministairs_14, minmay_misc_feat_chi, kennysheep_minor_cross,
          minmay_misc_feat_roman, minmay_heptomino_d4
D:3:      layout_loops_ring
D:4:      layout_basic, nemelex_xobeh_ov_fountains_minmay,
          minmay_temple_entry_junction, uniq_ijyb, uniq_natasha,
          uniq_crazy_yiuf_cottage
Temple:   nicolae_temple_superstar

Skill      XL: |  1  2  3  4 |
---------------+-------------+-----
Ranged Weapons | 6 7 8 |  8.1
Dodging        | 3 |  3.0
Fighting       | |  1.5
Stealth        | |  1.2

Action                     |  1- 3 |  4- 6 || total
---------------------------+-------+-------++-------
   Fire: Shortbow          |   125 |    67 ||   192
    Use: Scroll            |     8 |     5 ||    13
         Potion            |     2 |     1 ||     3
 Armour: Leather armour    |    13 |       ||    13
         Robe              |    14 |     6 ||    20
  Dodge: Dodged            |    37 |     7 ||    44

Table legend:
 A = Non-vault XP
 B = Vault XP
 C = Vault XP percentage of total XP
 D = Non-vault monster count
 E = Vault monster count
 F = Vault count percentage of total count
                 A         B        C        D         E       F
            +---------+---------+-------+---------+---------+-------
      Total |     180 |      16 |   8.2 |      58 |       3 |   4.9
            +---------+---------+-------+---------+---------+-------
        D:1 |      31 |       0 |   0.0 |      21 |       0 |   0.0
        D:2 |      46 |      16 |  25.8 |      18 |       3 |  14.3
        D:3 |      89 |       0 |   0.0 |      13 |       0 |   0.0
        D:4 |      14 |       0 |   0.0 |       6 |       0 |   0.0
            +---------+---------+-------+---------+---------+-------
